 Dungeon Crawl Stone Soup version 0.31.0-1-g2c135a008e (webtiles) character file.

Game seed: 12780362697799317996

74 qw the Shooter (level 4, -1/35 HPs)
             Began as a Djinni Hunter on Jan 24, 2024.
             Slain by Sigmund
             ... wielding a +5 scythe of flaming
              (10 damage)
             ... on level 2 of the Dungeon.
             The game lasted 00:00:04 (1074 turns).

qw the Shooter (Djinni Hunter)                      Turns: 1074, Time: 00:00:04

Health: -1/35      AC:  3    Str: 16    XL:     4   Next: 54%
Gold:   92         EV: 13    Int: 11    God:
                   SH:  0    Dex: 18

rFire   + + .        a - +1 shortbow
rCold   x . .        (shield currently unavailable)
rNeg    . . .        c - +0 leather armour
rPois   inf          (no helmet)
rElec   .            (no cloak)
rCorr   .            (no gloves)
SInv    .            (boots unavailable)
Will    .....        (no amulet)
Stlth   ++           i - +6 ring of strength
HPRegen 0.25/turn    (no ring)
MPRegen 0.00/turn

%: infuse magic (-2 HP)
@: flying
A: sickness immunity, fire resistance 2, cold vulnerability 1, float, innate
caster, HP casting, extra vitality 1
a: no special abilities


You were on level 2 of the Dungeon.
You visited 1 branch of the dungeon, and saw 2 of its levels.

You collected 92 gold pieces.


Innate Abilities, Weirdness & Mutations

You are immune to sickness and miasma.
You are immune to poison.
Your flesh is very heat resistant. (rF++)
You are vulnerable to cold. (rC-)
You float through the air rather than walking.
You learn spells naturally, not from books.
Your magical power is your life essence.
You have superior vitality. (+4 MHP)


   Skills:
 - Level 3.0 Fighting
 + Level 4.0 Ranged Weapons
 - Level 3.0 Dodging
 - Level 0.7 Stealth


You knew the following spells:

 Your Spells              Type           Power      Damage    Failure   Level
a - Freeze                Ice            0%         1d3       41%         1
Your spell library was empty.

Inventory:

Hand Weapons
 a - a +1 shortbow (weapon)
Armour
 c - a +0 leather armour (worn)
Jewellery
 i - a +6 ring of strength (left hand)
Scrolls
 d - a scroll of identify
 f - a scroll of revelation {unknown}
Potions
 b - a potion of mutation {unknown}
 e - a potion of curing {unknown}
 g - 2 potions of resistance

Dungeon Overview and Level Annotations

Branches:
Dungeon (2/15)

Altars:

Annotations:
D:2 Sigmund


Message History

1005 ||| FLEEEEING.
1006 ||| FLEEEEING.
1007 ||| FLEEEEING.
1008 ||| FLEEEEING.
1009 ||| FLEEEEING.
1010 ||| FLEEEEING.
1011 ||| FLEEEEING.
You start resting.
A goblin is nearby!
1013 ||| FLEEEEING.
1014 ||| FLEEEEING.
You shoot an arrow. The arrow hits the goblin!
You kill the goblin!
You start resting.
HP restored.
You now have 92 gold pieces (gained 9).
Things that are here:
a +0 dagger; a goblin corpse You see here a hobgoblin corpse.
d - a scroll of identify
e - a glowing yellow potion
f - a scroll labelled OPES PAXERO Sigmund the Dreaded comes into view.
He is wielding a +5 scythe of flaming.
Sigmund shouts!
You shoot an arrow. The arrow closely misses Sigmund.
You shoot an arrow. The arrow hits Sigmund.
Sigmund is moderately wounded.
You shoot an arrow. The arrow barely misses Sigmund.
Sigmund hits you from afar with a +5 scythe of flaming!
You shoot an arrow. The arrow hits Sigmund!
Sigmund is heavily wounded.
Sigmund hits you from afar with a +5 scythe of flaming!
Sigmund burns you.
You shoot an arrow. The arrow completely misses Sigmund.
Sigmund casts a spell.
Sigmund flickers and vanishes!
Deactivating autopickup; reactivate with Ctrl-A.
You shoot an arrow. Something hits you!
You die...

#### #.. ## #.# #.
#.##.###### #.# ##
#........###.##
#.###............#
#.#.#.###...##..#
#@##.....#.##^.#
.....{..##..##...##..###
#######.##..##..........
#.##..###.###..##.
#.##..###.###..##.
..##..............
#####.###.##.#.#.. #.#
#......... #.#
####.#.#..


There were no monsters in sight!

Vanquished Creatures
  3 gnolls
  An adder (D:2)
  A ribbon worm (D:1)
  7 ball pythons (D:1)
  3 bats (D:1)
  An endoplasm (D:2)
  2 giant cockroaches (D:1)
  5 hobgoblins
  2 quokkas
  A frilled lizard (D:1)
  2 goblins
  4 kobolds (D:1)
32 creatures vanquished.

Notes
Turn   | Place    | Note
-------+----------+-------------------------------------------
     0 | D:1      | qw the Djinni Hunter began the quest for the Orb.
     0 | D:1      | Reached XP level 1. HP: 18/18 MP: 0/0
     0 | D:1      | 0 ||| qw: Version: 0.3-a-136-gdd3b4e8
     0 | D:1      | 0 ||| qw: Game counter: 1262
     0 | D:1      | 0 ||| qw: Melee chars always use a shield: true
     0 | D:1      | 0 ||| qw: God list: Okawaru
     0 | D:1      | 0 ||| qw: Allow faded altars: false
     0 | D:1      | 0 ||| qw: Do Orc after clearing Dungeon:15 true
     0 | D:1      | 0 ||| qw: Do second Lair branch before Depths: true
     0 | D:1      | 0 ||| qw: Lair rune preference: random
     0 | D:1      | 0 ||| qw: Goals: Normal
     0 | D:1      | 0 ||| PLANNING D:1-11
    82 | D:1      | Reached XP level 2. HP: 23/23 MP: 0/0
   221 | D:1      | Reached skill level 4 in Ranged Weapons
   221 | D:1      | Reached XP level 3. HP: 28/28 MP: 0/0
   221 | D:1      | Learned a level 1 spell: Freeze
   489 | D:1      | 489 ||| UPGRADING to +6 ring of strength.
   490 | D:1      | 490 ||| READING scroll labelled MASU SEUCIODD.
   490 | D:1      | 490 ||| IDENTIFYING 2 bubbling puce potions
   491 | D:1      | 491 ||| READING scroll labelled QERIAL MUAM.
   592 | D:1      | 592 ||| READING scroll labelled GELUMIUNKU.
   593 | D:1      | 593 ||| READING scroll labelled IMYIKH OQOKIAM.
   593 | D:1      | 593 ||| ENCHANTING +0 shortbow.
   594 | D:1      | 594 ||| DROPPING scroll of butterflies.
   648 | D:2      | 648 ||| FLEEEEING.
   649 | D:2      | 649 ||| FLEEEEING.
   650 | D:2      | 650 ||| FLEEEEING.
   652 | D:2      | 652 ||| STAIRDANCE
   684 | D:2      | 684 ||| STAIRDANCE
   695 | D:1      | HP: 4/29 [gnoll/+0 club (5)]
   697 | D:1      | Reached skill level 3 in Fighting
   697 | D:1      | Reached XP level 4. HP: 5/35 MP: 0/0
   819 | D:2      | 819 ||| STAIRDANCE
   861 | D:2      | 861 ||| STAIRDANCE
   988 | D:2      | Reached skill level 3 in Dodging
   991 | D:2      | 991 ||| FLEEEEING.
   992 | D:2      | 992 ||| FLEEEEING.
   997 | D:2      | 997 ||| FLEEEEING.
   998 | D:2      | 998 ||| FLEEEEING.
   999 | D:2      | 999 ||| FLEEEEING.
  1001 | D:2      | 1001 ||| FLEEEEING.
  1002 | D:2      | 1002 ||| FLEEEEING.
  1003 | D:2      | 1003 ||| FLEEEEING.
  1004 | D:2      | 1004 ||| FLEEEEING.
  1005 | D:2      | 1005 ||| FLEEEEING.
  1006 | D:2      | 1006 ||| FLEEEEING.
  1007 | D:2      | 1007 ||| FLEEEEING.
  1008 | D:2      | 1008 ||| FLEEEEING.
  1009 | D:2      | 1009 ||| FLEEEEING.
  1010 | D:2      | 1010 ||| FLEEEEING.
  1011 | D:2      | 1011 ||| FLEEEEING.
  1013 | D:2      | 1013 ||| FLEEEEING.
  1014 | D:2      | 1014 ||| FLEEEEING.
  1068 | D:2      | Noticed Sigmund
  1072 | D:2      | HP: 8/35 [Sigmund/+5 scythe of flaming (2)]
  1074 | D:2      | Slain by Sigmund

Levels and vault maps discovered:
D:1:      psy_arrival_fountain, layout_rooms, minivault_25,
          minmay_shallow_snake_nest
D:2:      layout_loops_ring, uniq_sigmund

Skill      XL: |  1  2  3  4 |
---------------+-------------+-----
Ranged Weapons | 4 |  4.0
Fighting       | 3 |  3.0
Dodging        | 3 |  3.0
Stealth        | |  0.7

Action                     |  1- 3 |  4- 6 || total
---------------------------+-------+-------++-------
   Fire: Shortbow          |    70 |    31 ||   101
    Use: Scroll            |     4 |       ||     4
 Armour: Leather armour    |    18 |    14 ||    32
  Dodge: Dodged            |    32 |     8 ||    40

Table legend:
 A = Non-vault XP
 B = Vault XP
 C = Vault XP percentage of total XP
 D = Non-vault monster count
 E = Vault monster count
 F = Vault count percentage of total count
                 A         B        C        D         E       F
            +---------+---------+-------+---------+---------+-------
      Total |     106 |       1 |   0.9 |      31 |       1 |   3.1
            +---------+---------+-------+---------+---------+-------
        D:1 |      58 |       1 |   1.7 |      24 |       1 |   4.0
        D:2 |      48 |       0 |   0.0 |       7 |       0 |   0.0
            +---------+---------+-------+---------+---------+-------
